 Dungeon Crawl Stone Soup version 0.21.1-1-g345015f (webtiles) character file.

1587 grindst0ne the Shield-Bearer (level 8, -7/53 HPs)
             Began as a Demonspawn Chaos Knight on Feb 28, 2018.
             Mangled by a two-headed ogre
             ... wielding a +0 giant club
              (26 damage)
             ... on level 8 of the Dungeon.
             The game lasted 00:10:29 (4666 turns).

grindst0ne the Shield-Bearer (DsCK)                 Turns: 4666, Time: 00:10:29

Health: -7/53      AC:  5    Str: 11    XL:     8   Next: 61%
Magic:  8/8        EV: 11    Int: 11    God:    Xom [....*.]
Gold:   343        SH:  8    Dex: 11    Spells: 7/7 levels left

rFire    . . .     SeeInvis .   u - +0 war axe
rCold    . . .     Gourm    .   a - +0 buckler
rNeg     . . .     Faith    .   b - +2 leather armour
rPois    .         Spirit   .   (no helmet)
rElec    .         Reflect  +   (no cloak)
rCorr    .         Harm     .   (no gloves)
MR       .....                  (no boots)
Stlth    ..........             s - +3 amulet of reflection
HPRegen  0.17/turn              d - ring of loudness (curse)
MPRegen  0.11/turn              (no ring)

@: no status effects
A: hooves 1, clumsy 1, dopey 2, frail 2, powered by death 3, weak 1, sturdy
frame 2
a: Renounce Religion


You were on level 8 of the Dungeon.
You worshipped Xom.
You were a beloved toy of Xom.
You were not hungry.

You visited 1 branch of the dungeon, and saw 8 of its levels.

You collected 343 gold pieces.

Inventory:

Hand Weapons
 i - a +0 hand axe of venom
 u - a +0 war axe (weapon)
Armour
 a - a +0 buckler (worn)
 b - a +2 leather armour (worn)
 m - a +0 large shield
Jewellery
 d - a cursed ring of loudness (left hand)
 n - an uncursed amulet of faith
 s - a +3 amulet of reflection (around neck)
Wands
 h - a wand of disintegration (10)
 j - a wand of acid (5)
Scrolls
 e - a scroll of enchant weapon
 f - a scroll of identify
 k - 3 scrolls of teleportation
 l - a scroll of amnesia
 p - 3 scrolls of fog
 r - a scroll of fear
 v - a scroll of magic mapping
 x - a scroll of remove curse
Potions
 g - 3 potions of brilliance
 q - a potion of cancellation
 w - a potion of mutation {unknown}
Books
 t - a book of Cantrips

   Spells                             Type                      Level
   a - Confusing Touch                Hexes                        1
   b - Animate Skeleton               Necromancy                   1
   c - Summon Small Mammal            Summoning                    1
   d - Apportation                    Translocation                1
Comestibles
 c - 18 rations
 o - a chunk of flesh


   Skills:
 + Level 7.1 Fighting
 + Level 3.5 Axes
 - Level 1.7 Armour
 - Level 0.8 Dodging
 * Level 7.6 Shields
 + Level 0.2 Evocations


You had 7 spell levels left.
You didn't know any spells.

Dungeon Overview and Level Annotations

Branches:
Dungeon (8/15)             Temple (0/1) D:7
   Lair: D:8-11

Altars:
Ashenzari
Elyvilon
Qazlal
Ru
Sif Muna
Trog
Yredelemnul
Zin
The Shining One

Annotations:
D:8 PeterLawrence's ghost, novice MiFi


Innate Abilities, Weirdness & Mutations

You have large cloven feet.
You regenerate a lot of health from kills.
Your movements are less encumbered by armour. (ER -4)
You are clumsy. (Dex -2)
You are very dopey. (Int -4)
You are very frail. (-20% HP)
You are weak. (Str -2)


Message History

The two-headed ogre hits you with a giant club!!
The two-headed ogre hits you with a giant club!
* * * LOW HITPOINT WARNING * * *
"Time to have some fun!"
The two-headed ogre's giant club dances into the air!
PeterLawrence's ghost hits your giant club.
Your giant club hits something!!
Evoke which item? (* to show all) (? for menu, Esc to quit)
Aiming: Corrosive Bolt
Press: ? - help, Shift-Dir - straight line, f - two-headed ogre
Aim: a two-headed ogre, wielding a giant club The bolt of acid hits the two-headed ogre.
The two-headed ogre is splashed with acid.
The acid corrodes the two-headed ogre!
The two-headed ogre is moderately wounded.
The two-headed ogre wields a giant club.
The two-headed ogre closely misses you.
The two-headed ogre hits you with a giant club!!
You die...
Xom giggles madly!

########### #...[.....#
##...#####.# ##..##>## #.#
#.#.###.###.# #.#...o.o...#
#.#..##.##O.#######
.######(..#.##..@..#..<#######
...o.)W....# #.....#.........#
..........##
#................. ..######..#
#.....##.######.## . #..#
#.....##.# #..# ##......(#
........######## .#####. #.


You could see a two-headed ogre and an orc.

Vanquished Creatures
  A spriggan (D:7)
  A centaur (D:5)
  A big kobold (D:7)
  A bullfrog (D:7)
  A water moccasin zombie (D:6)
  2 scorpions
  3 killer bees (D:4)
  A howler monkey (D:4)
  3 crimson imps
  2 bullfrog zombies (D:5)
  A centaur zombie (D:5)
  2 orc priests (D:6)
  4 hounds
  2 orc wizards
  An iguana (D:5)
  2 worker ants
  2 hound skeletons
  A worker ant zombie (D:4)
  A howler monkey skeleton (D:4)
  10 adders
  A shadow imp (D:7)
  2 oozes (D:4)
  An adder zombie (D:5)
  4 worms
  3 dart slugs
  3 leopard geckos
  21 orcs
  5 giant cockroaches
  6 goblins
  7 hobgoblins
  5 jackals
  6 kobolds
  3 quokkas
  2 ball pythons
  4 bats
  7 frilled lizards
  A leopard gecko zombie (D:5)
  A quokka skeleton (D:5)
  4 rats
128 creatures vanquished.

Vanquished Creatures (collateral kills)
  The ghost of appiemonkey the Insei, an amateur GnWn (D:4)
  An orc (D:3)
2 creatures vanquished.

Grand Total: 130 creatures vanquished

Notes
Turn   | Place    | Note
-------+----------+-------------------------------------------
     0 | D:1      | grindst0ne the Demonspawn Chaos Knight began the quest for the Orb.
     0 | D:1      | Reached XP level 1. HP: 18/18 MP: 1/1
   366 | D:1      | Gained mutation: You regenerate a little health from kills. [demonic ancestry]
   366 | D:1      | Reached XP level 2. HP: 12/24 MP: 2/2
   705 | D:2      | XOM: silly message
   773 | D:2      | XOM: butterfly on damage
   788 | D:2      | Reached skill level 1 in Shields
   788 | D:2      | Gained mutation: You regenerate health from kills. [demonic ancestry]
   788 | D:2      | Reached XP level 3. HP: 18/30 MP: 3/3
   887 | D:2      | HP: 1/30 [worm (4)]
  1027 | D:2      | XOM: polymorph hobgoblin -> quokka
  1096 | D:3      | Found a basalt altar of Yredelemnul.
  1098 | D:3      | Found a glowing golden altar of the Shining One.
  1098 | D:3      | Found a glowing silver altar of Zin.
  1215 | D:3      | XOM: enchant monster (good)
  1256 | D:3      | Gained mutation: Your movements are slightly less encumbered by armour. (ER -2) [demonic ancestry]
  1256 | D:3      | Reached XP level 4. HP: 26/37 MP: 4/4
  1320 | D:3      | XOM: mild Summ miscast
  1364 | D:3      | Found a sacrificial altar of Ru.
  1555 | D:3      | XOM: summons 2 hostile demons
  1756 | D:4      | Gained mutation: You regenerate a lot of health from kills. [demonic ancestry]
  1756 | D:4      | Reached XP level 5. HP: 32/43 MP: 5/5
  1893 | D:4      | XOM: fake destruction
  1999 | D:4      | XOM: blink monster(s)
  2003 | D:4      | Reached skill level 5 in Fighting
  2003 | D:4      | Gained mutation: Your movements are less encumbered by armour. (ER -4) [demonic ancestry]
  2003 | D:4      | Reached XP level 6. HP: 51/51 MP: 6/6
  2014 | D:4      | XOM: harmless Summ miscast
  2131 | D:4      | Noticed appiemonkey's ghost (amateur GnWn)
  2133 | D:4      | XOM: confuse monster(s)
  2149 | D:4      | XOM: chaos cloud
  2174 | D:4      | XOM: cast spell 'Summon Mana Viper'
  2189 | D:4      | Killed appiemonkey's ghost
  2189 | D:4      | Reached skill level 5 in Shields
  2189 | D:4      | Gained mutation: You have large cloven feet. [demonic ancestry]
  2189 | D:4      | Reached XP level 7. HP: 42/56 MP: 7/7
  2426 | D:4      | XOM: harmless Necr miscast
  2443 | D:5      | Entered Level 5 of the Dungeon
  2457 | D:5      | XOM: blink monster(s)
  2479 | D:5      | XOM: harmless Summ miscast
  2533 | D:5      | Found a stormy altar of Qazlal.
  2712 | D:5      | XOM: harmless Necr miscast
  2897 | D:5      | XOM: give mutations
  2897 | D:5      | Gained mutation: Armour fits poorly on your strangely shaped body. [Xom's mischief]
  2897 | D:5      | Gained mutation: You are weak. (Str -2) [Xom's mischief]
  2909 | D:5      | XOM: give mutation
  2909 | D:5      | Lost mutation: Armour fits poorly on your strangely shaped body. [Xom's mischief]
  2981 | D:5      | Found a shattered altar of Ashenzari.
  3001 | D:5      | Found a deep blue altar of Sif Muna.
  3237 | D:5      | XOM: give mutations
  3237 | D:5      | Gained mutation: You are dopey. (Int -2) [Xom's mischief]
  3237 | D:5      | Gained mutation: You are very weak. (Str -4) [Xom's mischief]
  3237 | D:5      | Gained mutation: You are frail. (-10% HP) [Xom's mischief]
  3237 | D:5      | Gained mutation: You are very frail. (-20% HP) [Xom's mischief]
  3402 | D:5      | XOM: give mutations
  3402 | D:5      | Gained mutation: You are very dopey. (Int -4) [Xom's mischief]
  3402 | D:5      | Gained mutation: You are clumsy. (Dex -2) [Xom's mischief]
  3402 | D:5      | Lost mutation: You are very weak. (Str -4) [Xom's mischief]
  3432 | D:6      | Reached XP level 8. HP: 47/52 MP: 8/8
  3453 | D:6      | XOM: mild Necr miscast
  4128 | D:7      | XOM: confusion
  4327 | D:7      | Found a white marble altar of Elyvilon.
  4329 | D:7      | Found a bloodstained altar of Trog.
  4376 | D:7      | Found a staircase to the Ecumenical Temple.
  4482 | D:7      | XOM: mild Chrm miscast
  4649 | D:8      | Noticed a two-headed ogre
  4649 | D:8      | XOM: enchant monster (good)
  4653 | D:8      | Noticed PeterLawrence's ghost (novice MiFi)
  4654 | D:8      | XOM: silly message
  4666 | D:8      | Mangled by a two-headed ogre

Skill      XL: |  1  2  3  4  5  6  7  8 |
---------------+-------------------------+-----
Fighting       | 4 5 6 7 |  7.1
Shields        | 1 2 3 5 6 7 |  7.6
Axes           | 3 |  3.5
Armour         | |  1.7
Dodging        | |  0.8
Evocations     | |  0.2

Action                   |  1- 3 |  4- 6 |  7- 9 || total
-------------------------+-------+-------+-------++-------
Melee: Hand axe          |   128 |    81 |   140 ||   349
       Flail             |     2 |    14 |       ||    16
       Falchion          |       |    94 |       ||    94
       Kick              |       |       |    46 ||    46
       War axe           |       |       |    89 ||    89
Evoke: Wand              |       |       |     3 ||     3
  Use: Potion            |     3 |       |     3 ||     6
       Scroll            |       |     7 |     6 ||    13
 Stab: Paralysed         |     3 |       |       ||     3
       Petrified         |    12 |       |       ||    12
       Sleeping          |     1 |       |       ||     1
  Eat: Chunk             |     1 |     4 |     8 ||    13
Armor: Leather armour    |    46 |    46 |    54 ||   146
Dodge: Dodged            |    79 |   105 |    95 ||   279
Block: Buckler           |       |    66 |    94 ||   160
       Reflection        |       |     3 |     3 ||     6
       Rpst.: Falchion   |       |    16 |       ||    16
